Map: Apotheosis LE

Players

uThermal - Winner!

  • Race: Terran Terran

Snute

  • Race: Zerg Zerg

Event: IEM Season 11 - Shanghai

VOD

https://www.youtube.com/watch?v=6_TtlfSMNJ8

Description

Time

  • Played on: July 28, 2016, 5:59 a.m.
  • Length: 6:52

All games in this series

Show
View Real Time Build Order
Export as new Build Order

uThermal Terran - Winner!

Build Orders:  

Get SALT Encoding   

  12  0:09  Supply Depot  
  12  0:13  SCV  
  13  0:41  Barracks, Refinery  
  13  0:55  Barracks  
  13  1:00  SCV  
  14  1:12  SCV  
  15  1:28  Reaper  
  15  1:30  Barracks  
  16  1:36  Refinery  
  16  1:43  Reaper  
  17  2:00  Bunker  
  17  2:01  Reaper  
  18  2:18  Reaper  
  18  2:20  Reaper  
  19  2:39  Supply Depot  
  19  2:40  Reaper  
  20  2:50  Reaper  
  20  2:54  Reaper  
  21  3:12  Reaper  
  22  3:22  Reaper  
  22  3:27  Reaper  
  23  3:44  Reaper  
  23  3:54  Orbital Command  
  23  4:05  Reaper  
  23  4:11  Reaper  
  24  4:20  Reaper  
  25  4:37  Reaper  
  25  4:43  Reaper  
  24  4:52  Reaper  
  25  4:55  SCV  
  26  5:09  Reaper  
  27  5:16  Reaper  
  28  5:24  Reaper  
  28  5:41  Reaper  
  28  5:48  Reaper  
  29  5:52  Supply Depot  
  29  5:56  Reaper  
  29  6:13  Reaper  
  28  6:20  Reaper  
  28  6:22  SCV  
  31  6:34  SCV  
Show
View Real Time Build Order
Export as new Build Order

Snute Zerg 

Build Orders: Hatch First 

Get SALT Encoding   

  12  0:00  Drone  
  13  0:12  Overlord  
  13  0:16  Drone  
  14  0:30  Drone x2  
  14  0:34  Drone  
  17  0:52  Hatchery  
  17  0:55  Drone  
  17  0:58  Drone  
  17  1:02  Extractor  
  17  1:06  Drone  
  18  1:17  Spawning Pool  
  17  1:20  Drone  
  18  1:27  Drone  
  19  1:38  Overlord  
  19  2:04  Roach Warren, Queen  
  19  2:05  Zergling x4  
  19  2:07  Queen  
  24  2:12  Zergling x2  
  25  2:25  Overlord  
  25  2:28  Zergling x2  
  26  2:33  Zergling x2  
  26  2:40  Zergling x2  
  25  2:44  Roach  
  28  2:51  Roach  
  28  2:54  Roach  
  29  3:00  Roach  
  27  3:08  Roach  
  29  3:16  Roach  
  29  3:18  Ravager  
  32  3:23  Roach  
  29  3:27  Roach x2  
  32  3:37  Roach  
  32  3:48  Drone x2  
  34  3:54  Roach  
  36  4:01  Drone x3  
  39  4:06  Drone  
  36  4:17  Roach x2  
  36  4:21  Drone  
  37  4:31  Roach  
  37  4:32  Roach  
  39  4:42  Roach  
  39  4:43  Queen  
  43  4:50  Overlord  
  43  4:51  Drone  
  44  4:57  Overlord  
  42  5:09  Ravager  
  42  5:11  Queen  
  45  5:14  Drone  
  45  5:17  Roach  
  45  5:18  Queen  
  47  5:24  Drone  
  47  5:25  Roach  
  50  5:33  Roach x2  
  46  5:37  Roach  
  46  5:41  Roach  
  48  6:00  Roach x2  
  50  6:09  Roach  
  50  6:10  Queen x2  
  50  6:11  Overlord  
  50  6:18  Roach  
  48  6:25  Zergling x4  
  44  6:32  Roach  
  44  6:36  Drone x2  
  44  6:37  Drone  
  37  6:40  Drone  

Tags
 
Add a new tag
Caveats
  • Supply blocks, unpowered buildings, or Contaminate may cause inaccurate times.
  • Supply counts are checked every 10 seconds.